 Dungeon Crawl Stone Soup version 0.18-a0-1788-g92de1ac (webtiles) character file.

79 M4edhros the Grave Robber (level 4, -12/40 HPs)
             Began as an Octopode Necromancer on Apr 20, 2016.
             Mangled by Crazy Yiuf
             ... wielding a +3 quarterstaff of chaos
              (17 damage)
             ... on level 3 of the Dungeon.
             The game lasted 00:24:29 (785 turns).

M4edhros the Grave Robber (Octopode Necromancer)     Turns: 785, Time: 00:24:29

Health: -12/40     AC: 22    Str:  7    XL:     4   Next: 37%
Magic:  4/7        EV:  2    Int: 17    God:
Gold:   34         SH:  0    Dex: 13    Spells: 2 memorised, 3 levels left

rFire  . . .     SeeInvis .       - Unarmed
rCold  . . .     Gourm    .     (no shield)
rNeg   + + +     Faith    .     (helmet currently unavailable)
rPois  +         Spirit   .     f - amulet of rage
rElec  .         Dismiss  .     (no ring)
rCorr  .         Reflect  .     (no ring)
SustAt .         Harm     .     (no ring)
MR     .....     NoTele   +     (no ring)
Stlth  +.........               (no ring)
                                (no ring)
                                (no ring)
                                (no ring)

@: confused, tree-form, not resistant to hostile enchantments, very unstealthy
A: almost no armour, (amphibious), 8 rings, (constrict 8), (camouflage 0),
(gelatinous body 0)
a: Evoke Berserk Rage


You were on level 3 of the Dungeon.
You were hungry.
You were a tree.
You visited 1 branch of the dungeon, and saw 4 of its levels.

You collected 34 gold pieces.

Inventory:

Missiles
 e - 81 stones (quivered)
Jewellery
 f - an amulet of rage (around neck)
Scrolls
 d - 2 scrolls of noise
 j - a scroll of enchant armour {unknown}
Potions
 c - a potion of cure mutation
 g - a potion of flight
Books
 a - a book of Necromancy

   Spells                             Type                      Level
   a - Pain                           Necromancy                   1
   b - Animate Skeleton               Necromancy                   1
   c - Vampiric Draining              Necromancy                   3
   d - Regeneration                   Charms/Necromancy            3
   e - Animate Dead                   Necromancy                   4
   f - Control Undead                 Necromancy                   4
Comestibles
 b - 2 bread rations
 i - a slice of pizza


   Skills:
 - Level 2.0 Dodging
 - Level 2.6 Stealth
 + Level 3.8 Unarmed Combat
 - Level 2.0 Spellcasting
 - Level 4.0 Necromancy


You had 3 spell levels left.
You knew the following spells:

 Your Spells              Type           Power        Failure   Level  Hunger
a - Pain                  Necr           ###.         3%          1    #......
b - Regeneration          Chrm/Necr      #.........   24%         3    ###....


Dungeon Overview and Level Annotations

Branches:
Dungeon (4/15)
 Temple: D:4-7

Altars:
Ashenzari
The Shining One

Annotations:
D:3 Crazy Yiuf
D:4 Edmund


Innate Abilities, Weirdness & Mutations

You cannot wear most types of armour.
((You are amphibious.))
You can wear up to eight rings at the same time.
((You can use your tentacles to constrict eight enemies at once.))
((Your skin changes colour to match your surroundings (Stealth).))
((Your rubbery body absorbs attacks (AC +1).))


Message History

You squeeze Crazy Yiuf, but do no damage.
Crazy Yiuf is heavily wounded.
You constrict Crazy Yiuf.
Crazy Yiuf hits you with a quarterstaff of chaos!
* * * LOW HITPOINT WARNING * * *
Crazy Yiuf freezes you.
* * * LOW HITPOINT WARNING * * *
Drink which item? (? for menu, Esc to quit)
You turn into a tree.
Your roots penetrate the ground.
You lose your grip on Crazy Yiuf.
You hit Crazy Yiuf.
Crazy Yiuf is severely wounded.
Crazy Yiuf hits you but does no damage.
You are confused.
You're too confused to cast spells.
You cannot move. (Use ctrl+direction to attack without moving.)
You swing at nothing.
Crazy Yiuf hits you but does no damage.
You swing at nothing.
Crazy Yiuf hits you but does no damage.
You are electrocuted!
You die...

####..#.♣♣ ♣#..)# #....
#........♣♣♣♣..g..# #....
#.........♣..♣ #....
#.....#..♣.♣♣♣ #....
#....##♣♣♣♣♣ #.... ######....#
#.... .........### ####....
######.....############....#.#
. #.......♣g.....)...#..... #.
#.....############.#....#
##.##.....# #.#....#
#......########## #.#....#
####>............######.#....#
#.................g.....#..<..
#.##..........................
.. ###...#####.##.##..........
# #...# #.##.##.....##.#.


You could see Crazy Yiuf.

Vanquished Creatures
  A centaur skeleton (D:4)
  An adder (D:3)
  A worm (D:2)
  A dart slug (D:1)
  A giant gecko (D:2)
  2 giant cockroaches
  3 goblins
  3 hobgoblins
  6 jackals
  A quokka (D:4)
  A ball python (D:2)
  4 bats
  5 kobolds
  3 rats
33 creatures vanquished.

Notes
Turn   | Place    | Note
--------------------------------------------------------------
     0 | D:1      | M4edhros the Octopode Necromancer began the quest for the Orb.
     0 | D:1      | Reached XP level 1. HP: 11/11 MP: 3/3
   142 | D:2      | Reached skill level 1 in Unarmed Combat
   191 | D:1      | Reached XP level 2. HP: 9/17 MP: 0/5
   435 | D:2      | Reached XP level 3. HP: 16/21 MP: 3/6
   445 | D:2      | Learned a level 3 spell: Regeneration
   535 | D:3      | Found a glowing golden altar of the Shining One.
   573 | D:4      | Found a shattered altar of Ashenzari.
   577 | D:4      | Noticed Edmund
   617 | D:4      | Reached XP level 4. HP: 3/27 MP: 2/7
   731 | D:3      | Noticed Crazy Yiuf
   785 | D:3      | Mangled by Crazy Yiuf

Vault maps used:
D:1:      mainiacjoe_arrival_reflecting_pool
D:2:      grunt_ministairs_10, uniq_natasha
D:3:      nicolae_tso_swordbearing_angel, uniq_crazy_yiuf_cottage
D:4:      lemuel_upstairs_altar, nemelex_deck, ashenzari_conservatory_becter,
          first_bread, uniq_edmund

Skill      XL: |  1  2  3 |
---------------+----------+-----
Unarmed Combat | 1 2 3 |  3.8
Dodging        | |  2.0
Stealth        | |  2.6
Spellcasting   | |  2.0
Necromancy     | |  4.0

Action                   |  1- 3 |  4- 6 || total
-------------------------+-------+-------++-------
Melee: Unarmed           |    34 |     4 ||    38
       Constrict         |     5 |     1 ||     6
       Tentacles         |     3 |     1 ||     4
 Cast: Pain              |    38 |     6 ||    44
       Regeneration      |     2 |     2 ||     4
  Use: Potion            |     5 |     1 ||     6
       Scroll            |     3 |       ||     3
 Stab: Sleeping          |     1 |       ||     1
Armor: Skin              |     2 |     3 ||     5
Dodge: Dodged            |    19 |       ||    19
